 Dungeon Crawl Stone Soup version 0.32-a0-834-geaf45d8e21 (webtiles) character file.

Game seed: 2553951326117606050

286 Ruich the Apothecary (level 6, -1/32 HPs)
             Began as a Vampire Alchemist on Mar 25, 2024.
             Was an Initiate of Makhleb.
             Killed by divine providence
             ... invoked by an orc priest
              (12 damage)
             ... on level 4 of the Dungeon.
             The game lasted 00:10:33 (4902 turns).

Ruich the Apothecary (Vampire Alchemist)            Turns: 4902, Time: 00:10:33

Health: -1/32      AC:  6    Str:  7    XL:     6   Next: 8%
Magic:  10/10      EV: 11    Int: 17    God:    Makhleb [......]
Gold:   99         SH:  0    Dex: 17    Spells: 2/11 levels left

rFire   . . .        n - +0 dagger
rCold   + + .        (no shield)
rNeg    + + +        a - +0 robe
rPois   ∞            (no helmet)
rElec   .            (no cloak)
rCorr   .            (no gloves)
SInv    +            (no boots)
Will    .....        (no amulet)
Stlth   +++++        v - +4 ring of protection
HPRegen 0.00/turn    (no ring)
MPRegen 0.12/turn

%: no passive effects
@: bloodless, inhibited regen
A: bloodless, fangs 3, see invisible, vampiric 2
a: Bat Form, Revivify, Renounce Religion


You were on level 4 of the Dungeon.
You worshipped Makhleb.
Makhleb was noncommittal.
You visited 1 branch of the dungeon, and saw 4 of its levels.

You collected 99 gold pieces.


Innate Abilities, Weirdness & Mutations

You do not regenerate when monsters are visible.
You are frail without blood (-20% HP).
You can heal yourself when you bite living creatures.
You are immune to poison.
You have razor-sharp teeth.
You have supernaturally acute eyesight. (SInv)
You are afflicted with vampirism and can become a bat while bloodless.


   Skills:
 - Level 2.1 Dodging
 + Level 5.3 Stealth
 + Level 3.1 Spellcasting
 - Level 0.6 Conjurations
 - Level 3.1 Hexes
 * Level 5.5 Alchemy


You had 2 spell levels left.
You knew the following spells:

 Your Spells              Type           Power      Damage    Failure   Level
e - Ensorcelled Hibernat  Hex/Ice        16%        N/A       14%         2
o - Olgreb's Toxic Radia  Alch           21%        N/A       19%         4
z - Sting                 Conj/Alch      52%        1d6       4%          1
B - Blink                 Tloc           4%         N/A       26%         2

Your spell library contained the following spells:

 Spells                   Type           Power      Damage    Failure   Level
 Mercury Vapours          Alch/Air       24%        N/A       9%          2
 Magic Dart               Conj           16%        1d3       14%         1
 Call Imp                 Summ           4%         N/A       26%         2
 Mephitic Cloud           Conj/Alch/Air  9%         N/A       22%         3
 Passwall                 Erth           2%         N/A       45%         3
 Swiftness                Air            2%         N/A       45%         3
 Sticky Flame             Fire/Alch      12%        2d5       50%         4
 Freezing Cloud           Conj/Ice/Air   1%         6-21      99%         5

Inventory:

Hand Weapons
 e - a +0 short sword
 n - a +0 dagger (weapon)
Missiles
 l - 7 poisoned darts
Armour
 a - a +0 robe (worn)
Magical Staves
 q - a staff of death {!a}
Jewellery
 v - a +4 ring of protection (left hand)
Wands
 x - a wand of iceblast (8)
Scrolls
 g - 3 scrolls of identify {unknown}
 h - 4 scrolls of teleportation {unknown}
 k - a scroll of vulnerability {unknown}
 o - a scroll of poison {unknown}
 p - a scroll of blinking {unknown}
 r - 2 scrolls of silence {unknown}
 s - a scroll of butterflies {unknown}
 t - a scroll of revelation {unknown}
 y - a scroll of amnesia {unknown}
 A - a scroll of fear {unknown}
Potions
 b - a potion of magic
 c - a potion of enlightenment {unknown}
 d - 2 potions of mutation {unknown}
 f - 4 potions of heal wounds {unknown}
 i - 2 potions of brilliance {unknown}
 j - 2 potions of degeneration {unknown}
 m - a potion of lignification {unknown}
 u - a potion of curing {unknown}
 w - a potion of ambrosia {unknown}
 z - a potion of invisibility {unknown}

Dungeon Overview and Level Annotations

Branches:
Dungeon (4/15) Zot: 19099
 Temple: D:4-7

Altars:
Makhleb
Okawaru
Trog

Shops:
D:2 [   D:4 ![=

Annotations:
D:3 3 runed translucent doors, Poisondrake's ghost, weakling DsGl

####(.......##
..................<.## ..
#.................)..# #..
#.......#.....###...##
..###.......#.....##....#
#...#...................# J.#
#.......... ...#.....####
...##.....o...##..##.#....##
..ß.#.##..##...@..#. #.....#
...........#..##.....#..#..#
⌠.............#.......###.###
.....##.........##..###....#
.ß.#...........#...###...###
.. #.#.##......#....)....#
..###.....................#
....>.................##.##
..........[............#.#


You could see an orc priest.


Message History

You see here a +0 club.
A - a scroll labelled JUXTUS DYDWICWUS
There is a stone staircase leading up here.
Use which ability? (? or * to list) HP restored.
You become bloodless.
Unknown command.
Found a dagger.
Found a scale mail.
Found a stone staircase leading down.
Found 2 stones.
A jelly comes into view.
A hound comes into view.
An orc and an orc priest come into view.
The orc priest shouts!
The orc priest mumbles some strange prayers to Beogh against you.
Beogh smites you!
Ouch! That really hurt!
* * * LOW HITPOINT WARNING * * *
The orc shouts!
The helpless hound fails to defend itself.
You bite the hound, and draw its blood!
You feel better.
You impale the hound!!
You kill the hound!
Makhleb accepts your kill.
The orc priest calls down the wrath of Beogh upon you.
Beogh smites you!
* * * LOW HITPOINT WARNING * * *
You have reached level 6!
The orc priest calls down the wrath of Beogh upon you.
Beogh smites you!
You die...

Skill      XL: |  1  2  3  4  5 |
---------------+----------------+-----
Hexes          | 1 2 3 |  3.1
Alchemy        | 4 5 |  5.5
Stealth        | 4 5 |  5.3
Spellcasting   | 3 |  3.1
Dodging        | |  2.1
Conjurations   | |  0.6

Action                     |  1- 3 |  4- 6 || total
---------------------------+-------+-------++-------
  Melee: Short sword       |    24 |       ||    24
         Bite              |     4 |     4 ||     8
         Dagger            |    15 |    34 ||    49
   Cast: Sting             |    85 |    41 ||   126
         Ensorcelled Hiber |       |    13 ||    13
Ability: Exsanguinate      |       |     1 ||     1
   Stab: Sleeping          |     5 |    15 ||    20
 Armour: Robe              |    45 |    19 ||    64
  Dodge: Dodged            |    50 |    27 ||    77

Levels and vault maps discovered:
D:1:      nzn_arrival_depleted_hourglass, layout_loops_ring, st_stairs_3,
          minmay_vboxes
D:2:      layout_basic, serial_shops, shop, basic_altar,
          shapermc_ecumenical_altar_mp_urbaneastern
D:3:      minmay_octagon_keep, layout_loops_corners,
          mainiacjoe_overflow_concentric_impassable, marbit_many_paths,
          ebering_ghost_rock_garden
D:4:      layout_cave_pools, minmay_temple_entry_ruins,
          nicolae_shop_distant_corner_stores, serial_library_hellmonk_u_bend,
          wad_floor_pattern_untrapped, kennysheep_opposing_triangles

Notes
Turn   | Place    | Note
-------+----------+-------------------------------------------
     0 | D:1      | Ruich the Vampire Alchemist began the quest for the Orb.
     0 | D:1      | Reached XP level 1. HP: 13/13 MP: 3/3
   568 | D:1      | Reached XP level 2. HP: 19/19 MP: 5/5
   575 | D:1      | Learned a level 2 spell: Ensorcelled Hibernation
  1130 | D:2      | Reached skill level 1 in Hexes
  1192 | D:2      | Found a faded altar of an unknown god.
  1215 | D:2      | Found Caist's Armour Shop.
  1221 | D:2      | Reached skill level 4 in Alchemy
  1231 | D:2      | Gained mutation: You are afflicted with vampirism and can
                  | become a bat while bloodless. [Vampire growth]
  1231 | D:2      | Reached XP level 3. HP: 9/24 MP: 0/6
  1721 | D:2      | Found a bloodstained altar of Trog.
  2463 | D:3      | Found an iron altar of Okawaru.
  2733 | D:3      | Reached skill level 4 in Stealth
  2992 | D:3      | Reached skill level 2 in Hexes
  2992 | D:3      | Reached XP level 4. HP: 30/30 MP: 4/7
  3607 | D:3      | Reached XP level 5. HP: 35/35 MP: 5/9
  4059 | D:3      | Found a runed translucent gate.
  4060 | D:3      | Found a runed translucent gate.
  4060 | D:3      | Found a runed translucent gate.
  4078 | D:3      | Noticed Poisondrake's ghost (weakling DsGl)
  4312 | D:3      | Reached skill level 3 in Spellcasting
  4312 | D:3      | Reached skill level 3 in Hexes
  4312 | D:3      | Reached skill level 5 in Alchemy
  4318 | D:3      | HP: 2/35 [burnt (5)]
  4428 | D:3      | Learned a level 2 spell: Blink
  4433 | D:3      | Learned a level 4 spell: Olgreb's Toxic Radiance
  4452 | D:3      | Reached skill level 5 in Stealth
  4672 | D:3      | Found a burning altar of Makhleb.
  4749 | D:3      | Became a worshipper of Makhleb the Destroyer
  4780 | D:4      | Found Qutotuyf's Jewellery Emporium.
  4780 | D:4      | Found Jeukikem's Antique Armour Emporium.
  4780 | D:4      | Found Ahiorei's Distillery.
  4902 | D:4      | Reached XP level 6. HP: 11/32 MP: 10/10
  4902 | D:4      | Killed from afar by an orc priest

Vanquished Creatures
  4 bombardier beetles (D:3)
  A hound (D:4)
  2 adders (D:3)
  2 dart slugs
  4 ribbon worms
  5 orcs
  10 ball pythons
  4 endoplasms (D:1)
  4 giant cockroaches
  3 goblins
  5 hobgoblins
  9 jackals (D:3)
  6 quokkas
  9 bats
  6 frilled lizards
  8 kobolds
  8 rats
90 creatures vanquished.

Table legend: (Time is in decaauts)
 A = Elapsed time spent in this place.
 B = Non-inter-level travel time spent in this place.
 C = Inter-level travel time spent in this place.
 D = Time resting spent in this place.
 E = Time spent auto-exploring this place.
 F = Levels seen in this place.
 G = Mean time per level.
                   A        B        C        D        E       F      G
               +--------+--------+--------+--------+--------+-----+--------+
         Total |   4899 |   4747 |    152 |   1495 |   2345 |   4 | 1224.8 |
       Dungeon |   4899 |   4747 |    152 |   1495 |   2345 |   4 | 1224.8 |
               +--------+--------+--------+--------+--------+-----+--------+

Top non-repeatable levels by time:
     D:3: 2453 daAuts
     D:2: 1242 daAuts
     D:1: 1122 daAuts
     D:4: 81 daAuts

Table legend:
 A = Non-vault XP
 B = Vault XP
 C = Vault XP percentage of total XP
 D = Non-vault monster count
 E = Vault monster count
 F = Vault count percentage of total count
                 A         B        C        D         E       F
            +---------+---------+-------+---------+---------+-------
      Total |     278 |     131 |  32.0 |      66 |      24 |  26.7
            +---------+---------+-------+---------+---------+-------
        D:1 |      25 |      10 |  28.6 |      17 |       7 |  29.2
        D:2 |      32 |       0 |   0.0 |      21 |       0 |   0.0
        D:3 |     170 |     121 |  41.6 |      24 |      17 |  41.5
        D:4 |      51 |       0 |   0.0 |       4 |       0 |   0.0
            +---------+---------+-------+---------+---------+-------
